Map: Abyssal Reef LE

Players

tothemax - Winner!

  • Race: Zerg Zerg
  • Spawn Location: 11:00

A.I. 1 (Harder)

  • Race: Zerg Zerg
  • Spawn Location: 5:00

VOD

Have the link to the VOD?

Description

Time

  • Played on: June 1, 2017, 4:35 p.m.
  • Length: 18:12
Show
View Real Time Build Order
Export as new Build Order

tothemax Zerg - Winner!

Build Orders: Hatch First 

Get SALT Encoding   

  12  0:01  Drone  
  13  0:14  Overlord  
  13  0:19  Drone  
  14  0:33  Drone x2  
  16  0:37  Drone  
  17  1:00  Hatchery, Drone  
  17  1:04  Drone  
  18  1:16  Extractor  
  17  1:22  Spawning Pool  
  17  1:25  Drone  
  17  1:26  Drone  
  18  1:34  Drone  
  19  1:53  Overlord  
  19  2:09  Queen  
  19  2:11  Zergling x2  
  22  2:15  Queen  
  22  2:17  Zergling x2  
  22  2:18  Drone  
  22  2:22  Metabolic Boost  
  26  2:23  Drone  
  26  2:29  Drone  
  28  2:34  Drone  
  29  2:38  Drone  
  30  2:48  Baneling Nest  
  30  2:51  Drone  
  30  2:52  Drone  
  30  2:54  Drone  
  32  3:11  Drone  
  33  3:14  Zergling x2, Hatchery  
  33  3:15  Drone  
  33  3:16  Drone  
  33  3:17  Overlord  
  35  3:22  Overlord  
  35  3:29  Drone  
  36  3:40  Drone  
  37  3:44  Drone x2  
  39  3:53  Roach Warren  
  38  3:56  Drone  
  39  4:05  Extractor  
  39  4:08  Overlord  
  39  4:09  Zergling x2  
  39  4:13  Drone  
  39  4:14  Overlord  
  40  4:17  Overlord  
  40  4:31  Drone  
  40  4:32  Drone x2  
  40  4:33  Drone, Overlord  
  44  4:42  Roach x2  
  44  4:45  Roach  
  50  4:49  Roach  
  50  4:51  Roach  
  54  4:54  Roach  
  54  4:55  Roach  
  54  4:58  Roach  
  60  5:04  Roach  
  60  5:05  Roach  
  64  5:09  Roach x2  
  64  5:11  Roach  
  70  5:15  Roach  
  70  5:18  Roach x2  
  70  5:20  Roach  
  75  5:23  Overlord  
  74  5:30  Overlord  
  74  5:31  Overlord  
  74  5:34  Overlord  
  74  5:39  Lair  
  74  5:45  Ravager  
  75  6:18  Roach x4  
  81  6:19  Roach x2  
  81  6:20  Zergling x10  
  81  6:21  Zergling x2  
  75  6:49  Zergling x4  
  75  6:50  Zergling x14  
  75  6:51  Zergling x6  
  76  6:56  Roach  
  66  7:16  Roach x5  
  66  7:17  Roach x3  
  75  7:30  Zergling x4  
  75  7:31  Zergling x8  
  76  7:41  Zergling x6  
  76  7:42  Zergling x2  
  72  7:47  Zergling x8  
  72  7:48  Zergling x4  
  74  7:56  Roach x3  
  78  8:04  Baneling x5  
  78  8:05  Baneling x5  
  78  8:08  Baneling  
  78  8:14  Roach x4  
  80  8:43  Zergling x8  
  80  8:44  Zergling x10  
  89  8:50  Unknown  
  87  9:02  Unknown  
  86  9:04  Zergling x12  
  86  9:05  Zergling x4  
  90  9:20  Zergling x2  
  90  9:21  Zergling x10  
  96  9:28  Roach  
  96  9:29  Roach x6  
  107  9:49  Zergling x10  
Show
View Real Time Build Order
Export as new Build Order

A.I. 1 (Harder) Zerg 

Build Orders: Pool First 

Get SALT Encoding   

  12  0:00  Drone  
  13  0:12  Overlord  
  13  0:16  Drone  
  14  0:31  Drone x2  
  16  0:42  Spawning Pool  
  15  0:45  Drone  
  15  0:48  Drone  
  17  0:52  Extractor  
  17  0:56  Drone  
  17  1:06  Overlord  
  17  1:29  Queen  
  17  1:31  Zergling x2  
  20  1:36  Roach Warren  
  20  1:37  Zergling x2  
  20  1:38  Drone  
  21  1:40  Extractor  
  20  1:49  Drone  
  21  2:00  Drone  
  22  2:10  Overlord  
  22  2:21  Drone  
  23  2:32  Roach  
  23  2:35  Drone  
  26  2:38  Roach  
  26  2:42  Overlord  
  28  2:44  Roach  
  30  2:54  Drone  
  30  2:56  Ravager  
  32  3:01  Ravager  
  35  3:05  Roach  
  35  3:08  Drone  
  35  3:11  Roach, Overlord  
  38  3:17  Ravager, Roach  
  41  3:28  Roach  
  41  3:30  Baneling Nest  
  42  3:35  Evolution Chamber  
  42  3:39  Drone x2  
  43  3:41  Drone  
  44  3:50  Drone  
  45  4:01  Drone  
  46  4:11  Drone  
  47  4:43  Roach, Lair, Zerg Melee Weapons Level 1, Overlord  
  49  5:15  Hatchery  
  46  5:25  Zergling x2  
  44  5:41  Burrow, Roach  
  46  5:42  Hydralisk Den  
  46  5:43  Drone  
  46  5:48  Roach  
  48  5:52  Overlord  
  48  5:54  Roach  
  50  6:00  Roach  
  52  6:07  Roach  
  54  6:13  Hydralisk  
  56  6:19  Overlord, Hydralisk  
  58  6:26  Hydralisk  
  58  6:28  Drone x2  
  58  6:30  Drone  
  63  6:36  Extractor  
  63  6:37  Zergling x2  
  63  6:38  Zerg Ground Armor Level 1  
  62  6:41  Drone  
  57  6:47  Drone  
  57  6:48  Hydralisk  
  57  6:49  Roach  
  57  6:50  Drone x2  
  57  6:51  Roach  
  57  6:52  Drone  
  55  6:59  Roach  
  57  7:01  Drone  
  58  7:10  Roach, Drone  
  61  7:21  Roach x3, Drone  
  61  7:22  Drone  
  65  7:24  Roach, Drone  
  65  7:27  Roach  
  63  7:30  Roach  
  63  7:31  Drone  
  63  7:32  Drone  
  57  7:42  Zergling x2  
  57  7:43  Drone  
  55  7:52  Hydralisk  
  55  7:53  Drone  
  55  7:54  Drone x2  
  55  7:56  Drone  
  61  8:03  Overlord  
  61  8:05  Drone  
  62  8:14  Overseer, Hydralisk  
  62  8:19  Spore Crawler, Drone  
  64  8:24  Roach  
  64  8:25  Spore Crawler  
  64  8:26  Drone  
  59  8:30  Overseer  
  59  8:31  Roach  
  52  8:36  Drone  
  52  8:37  Roach  
  29  8:43  Roach  
  29  8:47  Roach  
  33  8:48  Evolution Chamber  
  33  8:51  Hydralisk  
  29  8:58  Roach  
  29  9:01  Hydralisk  
  31  9:04  Drone x3  
  31  9:06  Hydralisk  
  33  9:11  Zergling x2, Drone x2  
  33  9:15  Roach  
  34  9:19  Drone  
  34  9:23  Drone x2  
  27  9:25  Drone  
  27  9:29  Drone  
  24  9:34  Drone  
  14  9:45  Drone  
Tags
 
Add a new tag
Caveats
  • Supply blocks, unpowered buildings, or Contaminate may cause inaccurate times.
  • Supply counts are checked every 10 seconds.